Map: [ESL] Dragon Scales

Players

HeroMarine - Winner!

  • Race: Terran Terran
  • Spawn Location: 5:00

Spirit

  • Race: Terran Terran
  • Spawn Location: 11:00

Event: ESL SC2 Masters 2023 Summer (Regionals)

VOD

Have the link to the VOD?

Description

Time

  • Played on: May 18, 2023, 10:01 a.m.
  • Length: 7:56

All games in this series

Show
View Real Time Build Order
Export as new Build Order

HeroMarine Terran - Winner!

Build Orders:  

Get SALT Encoding   

  12  0:00  SCV  
  13  0:12  SCV  
  14  0:17  Supply Depot  
  14  0:24  SCV  
  15  0:38  SCV  
  15  0:40  Barracks  
  16  0:43  Refinery  
  16  0:50  SCV  
  16  0:54  Refinery  
  17  1:02  SCV  
  18  1:14  SCV  
  19  1:27  Orbital Command, Reaper  
  19  1:32  Supply Depot  
  20  1:41  Factory  
  20  1:53  SCV  
  21  1:59  Reaper  
  22  2:05  SCV  
  23  2:16  Command Center  
  23  2:18  SCV  
  24  2:25  Hellion  
  26  2:30  SCV  
  26  2:32  Barracks Reactor  
  27  2:42  SCV  
  28  2:44  Supply Depot  
  28  2:48  Starport, Factory Tech Lab  
  28  2:54  SCV  
  29  3:06  SCV  
  29  3:08  Marine  
  29  3:09  Marine  
  32  3:14  Factory Tech Lab  
  32  3:15  Refinery  
  32  3:18  SCV  
  33  3:26  Marine x2  
  35  3:28  Orbital Command  
  35  3:30  SCV, Raven  
  38  3:38  Siege Tank  
  41  3:44  SCV, Marine x2  
  44  3:51  Refinery  
  44  3:54  SCV  
  45  3:56  SCV  
  45  4:00  Starport  
  46  4:08  Supply Depot  
  46  4:11  Raven  
  46  4:12  Marine x2  
  52  4:21  Supply Depot  
  52  4:23  Siege Tank  
  53  4:30  Marine x2  
  55  4:36  Liberator  
  58  4:39  Supply Depot  
  58  4:55  Siege Tank  
  58  4:56  Viking  
  63  5:00  Viking  
  63  5:03  Marine  
  66  5:11  SCV x2  
  68  5:21  Viking  
  70  5:24  Supply Depot  
  70  5:27  Siege Tank  
  73  5:29  Viking  
  75  5:40  Viking  
  77  5:51  Viking  
  79  5:59  Viking  
  81  6:10  Viking  
  83  6:21  Viking  
  83  6:29  Viking  
  83  6:31  SCV x2  
  63  6:40  Viking, Siege Tank  
  63  6:43  SCV x2  
  70  6:51  Viking  
  71  6:55  SCV x2  
  71  6:59  Viking  
  71  7:00  Marine  
  76  7:10  Viking  
  76  7:12  Siege Tank  
  81  7:21  Viking  
  81  7:22  Marine  
  84  7:23  SCV x2  
Show
View Real Time Build Order
Export as new Build Order

Spirit Terran 

Build Orders: Reaper Expand 

Get SALT Encoding   

  12  0:00  SCV  
  13  0:12  SCV  
  14  0:18  Supply Depot  
  14  0:24  SCV  
  15  0:39  SCV  
  15  0:41  Barracks  
  16  0:45  Refinery  
  16  0:51  SCV  
  17  1:03  SCV  
  18  1:15  SCV  
  19  1:28  Orbital Command, Reaper  
  20  1:43  Command Center  
  20  1:55  SCV, Supply Depot  
  20  1:59  Marine  
  22  2:07  SCV  
  23  2:10  Factory  
  23  2:15  Refinery  
  23  2:19  SCV  
  23  2:22  Reaper  
  25  2:27  Bunker  
  25  2:31  SCV  
  26  2:43  SCV  
  27  2:54  Hellion  
  27  2:55  SCV, Starport  
  30  2:58  Orbital Command  
  30  3:01  Barracks Reactor  
  30  3:07  SCV  
  30  3:11  Refinery  
  31  3:15  Factory Tech Lab  
  31  3:19  SCV  
  32  3:23  Supply Depot  
  32  3:24  SCV  
  33  3:31  SCV  
  34  3:36  SCV  
  34  3:38  Starport Tech Lab, Marine  
  34  3:39  Marine  
  40  3:42  Siege Tank  
  40  3:43  SCV  
  40  3:48  SCV  
  42  3:53  Supply Depot  
  42  3:55  SCV  
  42  3:56  Marine, Raven  
  42  3:57  Marine  
  42  4:00  SCV  
  48  4:08  SCV  
  49  4:12  SCV  
  49  4:14  Siege Tank  
  49  4:15  Supply Depot  
  49  4:17  Marine x2  
  53  4:20  SCV  
  56  4:30  Raven  
  59  4:32  SCV  
  59  4:34  Command Center  
  59  4:37  SCV  
  60  4:44  SCV, Supply Depot  
  61  4:50  SCV  
  61  4:51  Stimpack, Marine  
  61  4:52  Factory Reactor  
  63  4:53  Barracks  
  63  4:58  Barracks  
  63  5:00  SCV  
  63  5:04  SCV  
  63  5:06  Raven  
  67  5:12  SCV  
  67  5:14  Refinery  
  68  5:15  Supply Depot  
  68  5:16  SCV, Marine  
  70  5:23  Engineering Bay  
  70  5:24  SCV  
  70  5:25  Engineering Bay  
  71  5:28  SCV  
  71  5:35  Marine  
  73  5:36  SCV  
  73  5:39  Supply Depot  
  73  5:40  SCV, Marine x2  
  76  5:46  Starport Reactor  
  76  5:48  SCV  
  77  5:53  Marine  
  77  5:56  Marine x2  
  79  5:58  SCV, Marine x2  
  79  6:03  SCV  
  83  6:09  Supply Depot  
  81  6:11  Marine  
  81  6:14  Marine x2  
  81  6:16  Marine x2  
  68  6:29  SCV, Marine  
  68  6:31  Marine  
  68  6:32  Marine  
  49  6:33  Marine  
  49  6:34  Marine  
  38  6:42  Siege Tank, Medivac x2  
  43  6:47  Marine  
  43  6:49  SCV, Marine x2  
  43  6:51  Marine  
  43  6:54  Marine  
  46  7:05  Marine  
  46  7:07  Marine x2  
  49  7:09  Marine  
  49  7:14  Marine  
  49  7:20  Medivac  
  53  7:26  Marine  
  53  7:28  Marine  
  55  7:34  Marine  
Tags
 
Add a new tag
Caveats
  • Supply blocks, unpowered buildings, or Contaminate may cause inaccurate times.
  • Supply counts are checked every 10 seconds.